 Dungeon Crawl Stone Soup version 0.29-a0-231-g945431f764 (webtiles) character file.

Game seed: 13188933474964997916

308 Colgate the Poker (level 6, 0/47 HPs)
             Began as a Formicid Abyssal Knight on Feb 28, 2022.
             Was a Priest of Lugonu.
             Slain by a shadow (4 damage)
             ... on level 5 of the Dungeon.
             The game lasted 00:26:16 (5088 turns).

Colgate the Poker (Formicid Abyssal Knight)         Turns: 5088, Time: 00:26:16

Health: 0/47       AC: 12    Str: 17    XL:     6   Next: 68%
Magic:  1/7        EV:  5    Int: 10    God:    Lugonu [***...]
Gold:   246        SH:  5    Dex: 13    Spells: 5/5 levels left

rFire   . . .      SeeInvis +   b - +0 shortbow
rCold   . . .      Faith    .   q - orb {mayhem}
rNeg    . . .      Spirit   .   r - +0 plate armour
rPois   .          Reflect  +   (helmet unavailable)
rElec   .          Harm     .   (no cloak)
rCorr   .          Rampage  .   n - +0 pair of gloves
Will    .....                   (no boots)
Stlth   ..........              e - amulet of reflection
HPRegen 0.15/turn               (no ring)
MPRegen 0.10/turn               (no ring)

@: no status effects
A: permanent stasis, dig shafts and tunnels, antennae 3, four strong arms
a: Dig, Shaft Self, Renounce Religion, Depart the Abyss, Bend Space, Banish


You were on level 5 of the Dungeon.
You worshipped Lugonu.
Lugonu was most pleased with you.
You visited 1 branch of the dungeon, and saw 5 of its levels.
You visited the Abyss 1 time.

You collected 246 gold pieces.

Inventory:

Hand Weapons
 a - a +1 spear
 b - a +0 shortbow (weapon)
Missiles
 g - 7 poisoned darts
 m - 3 boomerangs of dispersal
 u - 3 boomerangs
Armour
 l - a +0 chain mail
 n - a +0 pair of gloves (worn)
 o - a +0 leather armour
 q - an orb of mayhem (worn)
 r - a +0 plate armour (worn)
 t - a +0 scale mail
Jewellery
 e - an amulet of reflection (around neck)
Scrolls
 f - a scroll of noise
 h - a scroll of enchant armour {unknown}
 j - a scroll of fog
 k - a scroll of silence {unknown}
 s - a scroll of fear {unknown}
 v - 2 scrolls of identify {@r1}
Potions
 c - 2 potions of curing {@q1}
 d - a potion of resistance {@q5}
 i - a potion of heal wounds {@q2}
 p - a potion of degeneration {unknown}


   Skills:
 - Level 3.2 Fighting
 - Level 6.2 Polearms
 + Level 1.1 Bows
 - Level 2.1 Armour
 - Level 0.8 Dodging
 - Level 1.0 Stealth
 - Level 2.1 Invocations


You had 5 spell levels left.
You didn't know any spells.
Your spell library contained the following spells:

 Spells                   Type           Power      Damage    Failure   Level
 Apportation              Tloc           0%         N/A       100%        1
 Alistair's Intoxication  Tmut/Pois      0%         N/A       100%        5


Dungeon Overview and Level Annotations

Branches:
Dungeon (5/15)
 Temple: D:4-7

Altars:

Annotations:
D:2 Sigmund


Innate Abilities, Weirdness & Mutations

You cannot be hasted, slowed, berserked, paralysed or teleported.
You can dig through walls and to a lower floor.
You have a pair of large antennae on your head. (SInv)
Your four strong arms can wield two-handed weapons with a shield.


Message History

You see here a +0 whip.
The shadow slips into darkness.
The shadow flickers and vanishes for a moment.
Things that are here:
a +0 club; a +0 chain mail; an orc skeleton You fail to use your ability.
Space bends around you!
You blink.
Space bends around you!
You blink.
You block the water moccasin's attack. The shadow hits you.
Space bends around you!
You blink.
The water moccasin bites you but does no damage.
The shadow hits you.
* * * LOW HITPOINT WARNING * * *
The water moccasin closely misses you.
You fail to use your ability.
The shadow hits you.
* * * LOW HITPOINT WARNING * * *
The water moccasin bites you but does no damage.
Space bends around you!
You blink.
Space bends around you!
You blink.
Things that are here:
a +0 war axe; an orc skeleton The shadow slips into darkness.
The shadow flickers and vanishes for a moment.
Space bends around you!
You blink.
The water moccasin bites you but does no damage.
Space bends around you!
You blink.
The shadow barely misses you. The shadow hits you.
The shadow slips into darkness.
The shadow flickers and vanishes for a moment.
The shadow hits you.
You die...

#.##.##.#.##.##.............#
#......§#........####.##.##.#
####.##S####.#.### #.##.##.#
#.##.####.#.# #.......#
#.##..).).#.### #.##.##.#
#.##w####.....# #.##.##.#
####...).###.....# #.......#
#........{.#.....# #.##.#.##
#.##.##.##.#@....# #... #.#
#.##.##.##.#W....## #.# #.#
#.##..............# #.####.#
#.##.##.##.#.####.# #......#
#.##§..)...#.####.# #.######
#.......#.......#.# #.#
####.##.#.##......###.#
#.##.#.##..........#
#.##.).........#####


You could see a shadow (invisible).

Vanquished Creatures
  A centaur (D:4)
  A jelly (D:4)
  An orc priest (D:5)
  Natasha (D:2)
  3 adders
  5 worms
  2 dart slugs
  7 orcs
  6 endoplasms
  5 giant cockroaches
  11 goblins
  8 hobgoblins
  4 jackals (D:4)
  4 quokkas
  6 ball pythons
  5 bats (D:2)
  4 frilled lizards
  8 kobolds
  4 rats (D:1)
86 creatures vanquished.

Notes
Turn   | Place    | Note
-------+----------+-------------------------------------------
     0 | Abyss:1  | Colgate the Formicid Abyssal Knight began the quest for the
                  | Orb.
     0 | Abyss:1  | Reached XP level 1. HP: 18/18 MP: 2/2
    31 | D:1      | Escaped the Abyss
   330 | D:1      | Reached XP level 2. HP: 21/24 MP: 3/3
   502 | D:1      | Reached skill level 3 in Polearms
   658 | D:1      | Reached XP level 3. HP: 29/29 MP: 4/4
   909 | D:1      | Found a faded altar of an unknown god.
   950 | D:2      | Reached ** piety under Lugonu
  1207 | D:2      | Reached skill level 4 in Polearms
  1207 | D:2      | Reached XP level 4. HP: 31/35 MP: 5/5
  1425 | D:2      | Reached skill level 1 in Stealth
  1558 | D:2      | Noticed Natasha
  1564 | D:2      | Killed Natasha
  1678 | D:2      | You fall into a shaft and drop 2 floors!
  1939 | D:4      | Reached XP level 5. HP: 39/41 MP: 6/6
  2271 | D:2      | Reached skill level 5 in Polearms
  2490 | D:2      | Noticed Sigmund
  2825 | D:3      | Reached *** piety under Lugonu
  4094 | D:4      | Noticed a centaur
  4108 | D:4      | Killed a centaur
  4109 | D:4      | Reached skill level 6 in Polearms
  4109 | D:4      | Reached XP level 6. HP: 24/47 MP: 7/7
  4620 | D:5      | Entered Level 5 of the Dungeon
  4763 | D:5      | Reached skill level 1 in Bows
  5027 | D:5      | Noticed a shadow
  5032 | D:5      | Noticed a water moccasin
  5088 | D:5      | Slain by a shadow

Illustrated notes

Levels and vault maps discovered:
D:1:      dpeg_arrival_concentric_ovals, layout_rooms,
          dilly_ecumenical_altar_fadedgnrine,
          nicolae_concentric_dashed_squares_mild
D:2:      layout_loops_ring, moated_statue, ebering_dispersal_statue_hall,
          grunt_ministairs_7, uniq_natasha, uniq_sigmund
D:3:      layout_loops_ring
D:4:      layout_loops_ring, minivault_26, hangedman_abyss_or_decor_stabs,
          minmay_small_thing
D:5:      layout_loops_cross

Skill      XL: |  1  2  3  4  5  6 |
---------------+-------------------+-----
Polearms       | 3 4 6 |  6.2
Stealth        | 1 |  1.0
Bows           | 1 |  1.1
Fighting       | |  3.2
Armour         | |  2.1
Dodging        | |  0.8
Invocations    | |  2.1

Action                   |  1- 3 |  4- 6 || total
-------------------------+-------+-------++-------
Melee: Spear             |   102 |   212 ||   314
 Fire: Hunting sling     |       |    22 ||    22
       Shortbow          |       |    15 ||    15
Throw: Dart              |       |     1 ||     1
Invok: Bend Space        |       |    12 ||    12
  Use: Scroll            |       |     5 ||     5
 Stab: Sleeping          |     1 |     2 ||     3
Armor: Leather armour    |    11 |     4 ||    15
       Chain mail        |       |    25 ||    25
       Plate armour      |       |    40 ||    40
Dodge: Dodged            |    29 |    32 ||    61
Block: Other             |    10 |     9 ||    19
       Orb               |       |    13 ||    13

Table legend: (Time is in decaauts)
 A = Elapsed time spent in this place.
 B = Non-inter-level travel time spent in this place.
 C = Inter-level travel time spent in this place.
 D = Time resting spent in this place.
 E = Time spent auto-exploring this place.
 F = Levels seen in this place.
 G = Mean time per level.
                   A        B        C        D        E       F      G
               +--------+--------+--------+--------+--------+-----+--------+
         Total |   5070 |   4748 |    322 |      0 |   3475 |   6 |  845.0 |
       Dungeon |   5039 |   4717 |    322 |      0 |   3451 |   5 | 1007.8 |
         Abyss |     31 |     31 |      0 |      0 |     24 |   1 |   31.0 |
               +--------+--------+--------+--------+--------+-----+--------+

Top non-repeatable levels by time:
     D:4: 1402 daAuts
     D:2: 1275 daAuts
     D:3: 948 daAuts
     D:1: 942 daAuts
     D:5: 471 daAuts
 Abyss:1: 31 daAuts
